| TOP OF THE 1ST |
|
Los Angeles (NYP) Angels batting - Pitching for Lowell Spinners : LHP Eric Del Sordo
|
|
Pitching: LHP Eric Del Sordo
|
|
|
Batting: RHB Steve Hasson
|
0-0: SINGLE (Groundball, 5D, EV 94.4 MPH)
|
|
Batting: RHB Greg Burdine
|
0-0: Ball 1-0: Ball 2-0: Foul Ball, location: 2F 2-1: Ball 3-1: Base on Balls Steve Hasson to second
|
|
Batting: RHB Jon Griffin
|
0-0: Called Strike 0-1: Fly out, F9 (Flyball, 89D, EV 89.4 MPH)
|
|
Batting: RHB Pat Crawley
|
0-0: Called Strike 0-1: Ball 1-1: Foul Ball, location: 2F 1-2: Foul Ball, location: 2F 1-2: SINGLE (Groundball, 56D, EV 103.1 MPH) Steve Hasson to third Greg Burdine to second
|
|
Batting: SHB Roger Payne
|
0-0: Ball 1-0: Ball 2-0: Foul Ball, location: 2F 2-1: Swinging Strike 2-2: Fly out, F4 (Popup, 34, EV 51.9 MPH)
|
|
Batting: RHB John Beddow
|
0-0: Called Strike 0-1: Ground out 4-3 (Groundball, 4, EV 93.1 MPH)
|
| Top of the 1st over - 0 runs, 2 hits, 0 errors, 3 left on base; Los Angeles (NYP) 0 - Lowell 0 |
| BOTTOM OF THE 1ST |
|
Lowell Spinners batting - Pitching for Los Angeles (NYP) Angels : LHP Jon Curtis
|
|
Pitching: LHP Jon Curtis
|
|
|
Batting: RHB John Chiesa
|
0-0: Ball 1-0: Foul Ball, location: 2F 1-1: Swinging Strike 1-2: Ball 2-2: SINGLE (Groundball, 5S, EV 65.0 MPH) (infield hit)
|
|
Batting: RHB Nick Cottrell
|
0-0: Ball 1-0: Foul Ball, location: 2F 1-1: Ball 2-1: Ball 3-1: Base on Balls John Chiesa to second
|
|
Batting: RHB Guillermo Quintero
|
0-0: Foul Ball, location: 2F 0-1: Foul Ball, location: 2F 0-2: Ball 1-2: Ball 2-2: Foul Ball, location: 2F 2-2: SINGLE (Line Drive, 4D, EV 96.3 MPH) John Chiesa to third Nick Cottrell to second
|
|
Batting: RHB Joel Vazquez
|
0-0: Called Strike 0-1: Ball 1-1: SINGLE (Line Drive, 7S, EV 99.4 MPH) John Chiesa scores Nick Cottrell to third Guillermo Quintero to second
|
|
Batting: LHB Noel Young
|
0-0: Ball 1-0: Ball 2-0: Fly out, F9 (Flyball, 9LS, EV 93.8 MPH)
|
|
Batting: RHB Tommy Boudreaux
|
0-0: Ball 1-0: Ball 2-0: Called Strike 2-1: Called Strike 2-2: Hit by Pitch Nick Cottrell scores Guillermo Quintero to third Joel Vazquez to second
|
|
Batting: LHB Nelis Geurts
|
0-0: Fielders Choice at 2nd, 6-4 (Groundball, 6, EV 100.0 MPH) Guillermo Quintero scores Joel Vazquez to third
|
|
Batting: RHB Jose Diaz
|
0-0: Ball 1-0: Fielders Choice at 2nd, 6-4 (Groundball, 6, EV 84.4 MPH)
|
| Bottom of the 1st over - 3 runs, 3 hits, 0 errors, 2 left on base; Los Angeles (NYP) 0 - Lowell 3 |
| TOP OF THE 2ND |
|
Los Angeles (NYP) Angels batting - Pitching for Lowell Spinners : LHP Eric Del Sordo
|
|
Batting: RHB Luis Garcia
|
0-0: Called Strike 0-1: Swinging Strike 0-2: Ball 1-2: Fly out, F3 (Popup, 3SF, EV 74.4 MPH)
|
|
Batting: RHB David Kunze
|
0-0: Called Strike 0-1: Ball 1-1: Foul Ball, location: 2F 1-2: Foul Ball, location: 2F 1-2: Ball 2-2: Fly out, F4 (Flyball, 34D, EV 83.8 MPH)
|
|
Batting: RHB D.J. Martinez
|
0-0: Called Strike 0-1: Foul Ball, location: 2F 0-2: Ball 1-2: Strikes out swinging
|
| Top of the 2nd over - 0 runs, 0 hits, 0 errors, 0 left on base; Los Angeles (NYP) 0 - Lowell 3 |
| BOTTOM OF THE 2ND |
|
Lowell Spinners batting - Pitching for Los Angeles (NYP) Angels : LHP Jon Curtis
|
|
Batting: LHB Danny Montoya
|
0-0: Fly out, F8 (Line Drive, 8LM, EV 96.3 MPH)
|
|
Batting: RHB John Chiesa
|
0-0: Called Strike 0-1: Foul Ball, location: 2F 0-2: Foul Ball, location: 2F 0-2: Strikes out looking
|
|
Batting: RHB Nick Cottrell
|
0-0: Swinging Strike 0-1: Foul Ball, location: 2F 0-2: Strikes out swinging
|
| Bottom of the 2nd over - 0 runs, 0 hits, 0 errors, 0 left on base; Los Angeles (NYP) 0 - Lowell 3 |
| TOP OF THE 3RD |
|
Los Angeles (NYP) Angels batting - Pitching for Lowell Spinners : LHP Eric Del Sordo
|
|
Batting: RHB Steve Hasson
|
0-0: Ball 1-0: Ground out 6-3 (Groundball, 6, EV 85.6 MPH)
|
|
Batting: RHB Greg Burdine
|
0-0: Ball 1-0: Fly out, F9 (Line Drive, 9, EV 96.3 MPH)
|
|
Batting: RHB Jon Griffin
|
0-0: Fly out, F7 (Flyball, 7D, EV 81.9 MPH)
|
| Top of the 3rd over - 0 runs, 0 hits, 0 errors, 0 left on base; Los Angeles (NYP) 0 - Lowell 3 |
| BOTTOM OF THE 3RD |
|
Lowell Spinners batting - Pitching for Los Angeles (NYP) Angels : LHP Jon Curtis
|
|
Batting: RHB Guillermo Quintero
|
0-0: Ball 1-0: TRIPLE (Flyball, 8LXD, EV 100.0 MPH)
|
|
Batting: RHB Joel Vazquez
|
0-0: Ball 1-0: Ball 2-0: Ball 3-0: Called Strike 3-1: Swinging Strike 3-2: Strikes out swinging
|
|
Batting: LHB Noel Young
|
0-0: Ball 1-0: SINGLE (Groundball, 6MD, EV 101.9 MPH) Guillermo Quintero scores
|
|
Batting: RHB Tommy Boudreaux
|
0-0: Called Strike 0-1: Ball 1-1: Foul Ball, location: 2F 1-2: Grounds into double play, 4-6-3 (Groundball, 4, EV 84.4 MPH)
|
| Bottom of the 3rd over - 1 run, 2 hits, 0 errors, 0 left on base; Los Angeles (NYP) 0 - Lowell 4 |
| TOP OF THE 4TH |
|
Los Angeles (NYP) Angels batting - Pitching for Lowell Spinners : LHP Eric Del Sordo
|
|
Batting: RHB Pat Crawley
|
0-0: Ball 1-0: Foul Ball, location: 2F 1-1: Called Strike 1-2: Strikes out swinging
|
|
Batting: SHB Roger Payne
|
0-0: SINGLE (Groundball, 56D, EV 94.4 MPH)
|
|
Batting: RHB John Beddow
|
0-0: Called Strike 0-1: Foul Ball, location: 2F 0-2: Foul Ball, location: 2F 0-2: Ball 1-2: Fielders Choice at 2nd, 1-6 (Groundball, 34S, EV 71.9 MPH)
|
|
Batting: RHB Luis Garcia
|
0-0: Ball 1-0: Foul Ball, location: 2F 1-1: Foul Ball, location: 2F 1-2: SINGLE (Line Drive, 9S, EV 90.6 MPH) John Beddow to second Runner from 2nd tries for 3rd, SAFE, throw by RF made to third
|
|
Batting: RHB David Kunze
|
0-0: Ball 1-0: Called Strike 1-1: Ball 2-1: Swinging Strike 2-2: Ball 3-2: Foul Ball, location: 2F 3-2: Base on Balls Luis Garcia to second
|
|
Batting: RHB D.J. Martinez
|
0-0: Ball 1-0: SINGLE (Groundball, 4MD, EV 105.6 MPH) John Beddow scores Luis Garcia to third David Kunze to second Runner from 3rd tries for Home, SAFE, throw by CF to home
|
|
Batting: RHB Steve Hasson
|
0-0: Ball 1-0: Swinging Strike 1-1: Swinging Strike 1-2: Foul Ball, location: 2F 1-2: Ball 2-2: Fielders Choice at 2nd, 6-4 (Groundball, 6, EV 90.6 MPH)
|
| Top of the 4th over - 2 runs, 3 hits, 0 errors, 2 left on base; Los Angeles (NYP) 2 - Lowell 4 |
| BOTTOM OF THE 4TH |
|
Lowell Spinners batting - Pitching for Los Angeles (NYP) Angels : LHP Jon Curtis
|
|
Batting: LHB Nelis Geurts
|
0-0: Ball 1-0: Swinging Strike 1-1: Ball 2-1: Ball 3-1: Swinging Strike 3-2: Base on Balls
|
|
Batting: RHB Jose Diaz
|
0-0: Ball 1-0: Called Strike 1-1: Ball 2-1: Ball 3-1: Fielders Choice at 2nd, 6-4 (Groundball, 6, EV 96.9 MPH)
|
|
Batting: LHB Danny Montoya
|
0-0: SINGLE (Groundball, 34D, EV 100.0 MPH) Jose Diaz to second Runner from 2nd tries for 3rd, SAFE, throw by RF made to third
|
|
Batting: RHB John Chiesa
|
0-0: Foul Ball, location: 2F 0-1: DOUBLE (Flyball, 78D, EV 95.0 MPH) Jose Diaz scores Danny Montoya to third
|
|
Batting: RHB Nick Cottrell
|
0-0: Swinging Strike 0-1: Ground out 1-3 (Groundball, 15S, EV 75.0 MPH)
|
|
Batting: RHB Guillermo Quintero
|
0-0: Ball 1-0: Ball 2-0: Called Strike 2-1: SINGLE (Groundball, 56D, EV 104.4 MPH) Danny Montoya scores John Chiesa to third Runner from 3rd tries for Home, throw by LF and OUT! 7-2
|
| Bottom of the 4th over - 2 runs, 3 hits, 0 errors, 1 left on base; Los Angeles (NYP) 2 - Lowell 6 |
| TOP OF THE 5TH |
|
Los Angeles (NYP) Angels batting - Pitching for Lowell Spinners : LHP Eric Del Sordo
|
|
Batting: RHB Greg Burdine
|
0-0: Ball 1-0: Called Strike 1-1: Ball 2-1: Swinging Strike 2-2: Strikes out swinging
|
|
Batting: RHB Jon Griffin
|
0-0: Ball 1-0: Reached on error, E5 (Groundball, 56, EV 86.3 MPH)
|
|
Batting: RHB Pat Crawley
|
0-0: Ball 1-0: Called Strike Jon Griffin is caught stealing 2nd base 2-4 1-1: Called Strike 1-2: Foul Ball, location: 2F 1-2: Ball 2-2: Ball 3-2: Foul Ball, location: 2F 3-2: Strikes out looking
|
| Top of the 5th over - 0 runs, 0 hits, 1 error, 0 left on base; Los Angeles (NYP) 2 - Lowell 6 |
| BOTTOM OF THE 5TH |
|
Lowell Spinners batting - Pitching for Los Angeles (NYP) Angels : LHP Jon Curtis
|
|
Batting: RHB Joel Vazquez
|
0-0: Ball 1-0: Called Strike 1-1: Called Strike 1-2: Strikes out swinging
|
|
Batting: LHB Noel Young
|
0-0: Foul Ball, location: 2F 0-1: Ball 1-1: DOUBLE (Line Drive, 7LS, EV 96.9 MPH)
|
|
Pitching: LHP Alex Pulido
|
|
|
Batting: RHB Tommy Boudreaux
|
0-0: Foul Ball, location: 2F 0-1: Ball 1-1: Foul Ball, location: 2F 1-2: SINGLE (Groundball, 34S, EV 68.8 MPH) (infield hit) Noel Young to third
|
|
Batting: LHB Nelis Geurts
|
0-0: Ball 1-0: 3-RUN HOME RUN (Flyball, 9LD, EV 95.6 MPH), Distance : 353 ft
|
|
Batting: RHB Jose Diaz
|
0-0: Ground out 6-3 (Groundball, 6, EV 110.6 MPH)
|
|
Batting: LHB Danny Montoya
|
0-0: Called Strike 0-1: Ball 1-1: Ground out 4-3 (Groundball, 4, EV 102.5 MPH)
|
| Bottom of the 5th over - 3 runs, 3 hits, 0 errors, 0 left on base; Los Angeles (NYP) 2 - Lowell 9 |
| TOP OF THE 6TH |
|
Los Angeles (NYP) Angels batting - Pitching for Lowell Spinners : LHP Eric Del Sordo
|
|
Batting: SHB Roger Payne
|
0-0: Called Strike 0-1: Ball 1-1: Ball 2-1: Fly out, F8 (Line Drive, 8RD, EV 98.1 MPH)
|
|
Pitching: RHP Matthew Baird
|
|
|
Batting: RHB John Beddow
|
0-0: Ball 1-0: Called Strike 1-1: Called Strike 1-2: Foul Ball, location: 2F 1-2: Strikes out swinging
|
|
Batting: RHB Luis Garcia
|
0-0: Ball 1-0: SINGLE (Line Drive, 5D, EV 95.0 MPH)
|
|
Batting: RHB David Kunze
|
0-0: Ball 1-0: Ball 2-0: Fly out, F9 (Flyball, 9D, EV 93.8 MPH)
|
| Top of the 6th over - 0 runs, 1 hit, 0 errors, 1 left on base; Los Angeles (NYP) 2 - Lowell 9 |
| BOTTOM OF THE 6TH |
|
Lowell Spinners batting - Pitching for Los Angeles (NYP) Angels : LHP Alex Pulido
|
|
Batting: RHB John Chiesa
|
0-0: Fly out, F8 (Flyball, 8LM, EV 80.6 MPH)
|
|
Batting: RHB Nick Cottrell
|
0-0: Called Strike 0-1: DOUBLE (Line Drive, 78D, EV 110.6 MPH)
|
|
Batting: RHB Guillermo Quintero
|
0-0: Ball 1-0: Called Strike 1-1: Ball 2-1: Ball 3-1: Base on Balls
|
|
Batting: RHB Joel Vazquez
|
0-0: Called Strike 0-1: Ball 1-1: Ball 2-1: Foul Ball, location: 2F 2-2: Ball 3-2: Ground out 1-3 (Groundball, 34S, EV 60.0 MPH) Nick Cottrell to third Guillermo Quintero to second
|
|
Batting: LHB Noel Young
|
0-0: Called Strike 0-1: Ball 1-1: Called Strike 1-2: Strikes out swinging
|
| Bottom of the 6th over - 0 runs, 1 hit, 0 errors, 2 left on base; Los Angeles (NYP) 2 - Lowell 9 |
| TOP OF THE 7TH |
|
Los Angeles (NYP) Angels batting - Pitching for Lowell Spinners : RHP Matthew Baird
|
|
Batting: RHB D.J. Martinez
|
0-0: Called Strike 0-1: Swinging Strike 0-2: Strikes out swinging
|
|
Batting: RHB Steve Hasson
|
0-0: Called Strike 0-1: Swinging Strike 0-2: Ball 1-2: Ground out 5-3 (Groundball, 5, EV 84.4 MPH)
|
|
Batting: RHB Greg Burdine
|
0-0: Foul Ball, location: 2F 0-1: Fly out, F8 (Flyball, 8LD, EV 96.3 MPH)
|
| Top of the 7th over - 0 runs, 0 hits, 0 errors, 0 left on base; Los Angeles (NYP) 2 - Lowell 9 |
| BOTTOM OF THE 7TH |
|
Lowell Spinners batting - Pitching for Los Angeles (NYP) Angels : LHP Alex Pulido
|
|
Pitching: RHP Kevin Greene
|
|
|
Batting: RHB Tommy Boudreaux
|
0-0: Ball 1-0: Ball 2-0: Ball 3-0: Base on Balls
|
|
Batting: LHB Nelis Geurts
|
0-0: Called Strike 0-1: Foul Ball, location: 2F 0-2: Strikes out swinging
|
|
Batting: RHB Jose Diaz
|
0-0: Ball 1-0: Ball 2-0: Ball 3-0: Called Strike 3-1: Base on Balls Tommy Boudreaux to second
|
|
Batting: LHB Danny Montoya
|
0-0: DOUBLE (Flyball, 8LD, EV 93.1 MPH) Tommy Boudreaux scores Jose Diaz to third
|
|
Batting: RHB John Chiesa
|
0-0: Ball 1-0: Ball 2-0: Ball 3-0: Called Strike 3-1: Base on Balls
|
|
Batting: RHB Nick Cottrell
|
0-0: Ball 1-0: Ball 2-0: Ball 3-0: Called Strike 3-1: Base on Balls Jose Diaz scores Danny Montoya to third John Chiesa to second
|
|
Batting: RHB Guillermo Quintero
|
0-0: Ball 1-0: Ball 2-0: Called Strike 2-1: Fielders Choice at 2nd, 3-6 (Groundball, 34, EV 83.1 MPH) Danny Montoya scores John Chiesa to third
|
|
Batting: RHB Joel Vazquez
|
0-0: Ball 1-0: Reached on error, E5 (Groundball, 56S, EV 90.0 MPH) John Chiesa scores Guillermo Quintero to second
|
|
Batting: LHB Noel Young
|
0-0: Ball 1-0: Ball 2-0: Called Strike 2-1: Swinging Strike 2-2: Foul Ball, location: 2F 2-2: Fly out, F8 (Flyball, 8LXD, EV 101.3 MPH)
|
| Bottom of the 7th over - 4 runs, 1 hit, 1 error, 2 left on base; Los Angeles (NYP) 2 - Lowell 13 |
| TOP OF THE 8TH |
|
Los Angeles (NYP) Angels batting - Pitching for Lowell Spinners : RHP Matthew Baird
|
|
Batting: RHB Jon Griffin
|
0-0: Ground out 1-3 (Groundball, 34S, EV 70.0 MPH)
|
|
Batting: RHB Pat Crawley
|
0-0: Called Strike 0-1: Ball 1-1: Ball 2-1: Ground out 2-3 (Groundball, 15S, EV 68.8 MPH)
|
|
Batting: SHB Roger Payne
|
0-0: Called Strike 0-1: Ball 1-1: Swinging Strike 1-2: Hit by Pitch
|
|
Pinch Hitting: RHB Mario Velazquez
|
0-0: Ball 1-0: Called Strike 1-1: Swinging Strike 1-2: Foul Ball, location: 2F 1-2: Ground out 5-3 (Groundball, 5L, EV 79.4 MPH)
|
| Top of the 8th over - 0 runs, 0 hits, 0 errors, 1 left on base; Los Angeles (NYP) 2 - Lowell 13 |
| BOTTOM OF THE 8TH |
|
Lowell Spinners batting - Pitching for Los Angeles (NYP) Angels : RHP Kevin Greene
|
|
Pitching: RHP Tristan Lewis
|
|
|
Now in LF: Mario Velazquez
|
|
|
Now in RF: Greg Burdine
|
|
|
Batting: RHB Tommy Boudreaux
|
0-0: Fly out, F8 (Flyball, 8LS, EV 87.5 MPH)
|
|
Batting: LHB Nelis Geurts
|
0-0: Called Strike 0-1: Ball 1-1: Ball 2-1: Reached on error, E6 (Groundball, 6, EV 99.4 MPH)
|
|
Batting: RHB Jose Diaz
|
0-0: Foul Ball, location: 2F 0-1: Ball 1-1: Foul Ball, location: 2F 1-2: Ball 2-2: Foul Ball, location: 2F 2-2: Ball 3-2: Ground out 5-3 (Groundball, 56, EV 92.5 MPH)
|
|
Batting: LHB Danny Montoya
|
0-0: SINGLE (Flyball, 56D, EV 90.0 MPH) Nelis Geurts to third Runner from 3rd tries for Home, SAFE, throw by LF to home
|
|
Batting: RHB John Chiesa
|
0-0: Called Strike 0-1: Ball 1-1: Fielders Choice at 2nd, 6-4 (Groundball, 6, EV 91.9 MPH)
|
| Bottom of the 8th over - 1 run, 1 hit, 1 error, 1 left on base; Los Angeles (NYP) 2 - Lowell 14 |
| TOP OF THE 9TH |
|
Los Angeles (NYP) Angels batting - Pitching for Lowell Spinners : RHP Matthew Baird
|
|
Batting: RHB Luis Garcia
|
0-0: Foul Ball, location: 2F 0-1: Foul Ball, location: 2F 0-2: Strikes out looking
|
|
Batting: RHB David Kunze
|
0-0: Called Strike 0-1: Foul Ball, location: 2F 0-2: Strikes out looking
|
|
Batting: RHB D.J. Martinez
|
0-0: Ground out 5-3 (Groundball, 5, EV 83.8 MPH)
|
| Top of the 9th over - 0 runs, 0 hits, 0 errors, 0 left on base; Los Angeles (NYP) 2 - Lowell 14 |
|